 Dungeon Crawl Stone Soup version 0.31-a0-544-gceb718ecc6 (webtiles) character file.

Game seed: 13134507006896969714

336 CraigForest the Ruffian (level 6, -6/38 HPs)
             Began as an Octopode Shapeshifter on Aug 15, 2023.
             Was a Plaything of Xom.
             Mangled by a steam dragon (11 damage)
             ... on level 4 of the Dungeon.
             The game lasted 00:08:06 (2702 turns).

CraigForest the Ruffian (Octopode Shapeshifter)     Turns: 2702, Time: 00:08:07

Health: -6/38      AC:  1    Str: 19    XL:     6   Next: 54%
Magic:  6/6        EV: 13    Int: 14    God:    Xom [..*...]
Gold:   273        SH:  5    Dex: 10    Spells: 5/5 levels left

rFire   + .          .
                       - Unarmed
rCold   . . .        (no shield)
rNeg    . . .        (helmet currently unavailable)
rPois   .            k - amulet of reflection
rElec   .            (no ring)
rCorr   .            (no ring)
SInv    .            (no ring)
Will    .....        (no ring)
Stlth   +++          (no ring)
HPRegen 0.26/turn    (no ring)
MPRegen 0.10/turn    (no ring)
                     (no ring)

%: reflection
@: beast-form
A: beast (slay +2), almost no armour, amphibious, 8 rings, camouflage 1,
gelatinous body 1, (nimble swimmer 1), tentacles, clever 1, fire resistance 1,
strong 1
a: Begin Untransformation, Renounce Religion


You were on level 4 of the Dungeon.
You worshipped Xom.
You were a toy of Xom.
You were a hulking beast.
You visited 1 branch of the dungeon, and saw 4 of its levels.
You also visited: Sewer.

You collected 273 gold pieces.

Inventory:

Hand Weapons
 f - a +0 rapier
 w - a +2 quarterstaff of chaos
 A - a +0 lajatang
 B - a +0 halberd
Missiles
 e - 5 boomerangs
 j - 4 javelins
 r - 8 poisoned darts
Armour
 i - a +0 cloak
Magical Staves
 d - a staff of conjuration
Jewellery
 k - an amulet of reflection (around mantle)
 u - a ring of protection from cold
Talismans
 b - a beast talisman (active)
 c - a flux talisman
Wands
 y - a wand of paralysis (6)
Scrolls
 g - 3 scrolls of immolation {unknown}
 l - 2 scrolls of identify
 m - 3 scrolls of poison {unknown}
 o - 2 scrolls of teleportation {unknown}
 p - a scroll of amnesia {unknown}
 q - a scroll of silence {unknown}
 t - a scroll of revelation {unknown}
 C - a scroll of summoning {unknown}
Potions
 a - 2 potions of lignification
 h - 2 potions of haste
 n - a potion of brilliance {unknown}
 s - a potion of curing {unknown}
 v - 2 potions of cancellation {unknown}
 x - a potion of attraction {unknown}
 z - a potion of berserk rage


   Skills:
 + Level 1.1 Fighting
 + Level 2.9 Dodging
 + Level 4.2 Stealth
 + Level 0.7 Shields
 + Level 5.2 Unarmed Combat
 + Level 3.6 Shapeshifting


You had 5 spell levels left.
You didn't know any spells.
Your spell library contained the following spells:

 Spells                   Type           Power      Damage    Failure   Level
 Blink                    Tloc           0%         N/A       41%         2
 Lesser Beckoning         Tloc           0%         N/A       41%         2
 Momentum Strike          Conj/Tloc      0%         3d8       41%         2


Dungeon Overview and Level Annotations

Branches:
Dungeon (4/15)              Sewer (visited)
 Temple: D:4-7

Altars:
Ru
Trog
Vehumet
Xom
The Shining One

Shops:
D:3 [


Innate Abilities, Weirdness & Mutations

You are a hulking beast.
Your limbs bulge with bestial killing power. (Slay +2)
You cannot wear most types of armour.
You are amphibious.
You can wear up to eight rings at the same time.
Your skin changes colour to match your surroundings (Stealth+).
Your rubbery body absorbs attacks. (AC +1, EV +1)
((You are camouflaged when in or above water. (Stealth+)))
You have tentacles for arms and can constrict up to eight enemies at once.
Your mind is acute. (Int +4, Str/Dex -1)
Your flesh is heat resistant. (rF+)
Your muscles are strong. (Str +4, Int/Dex -1)


Message History

No target in view!
You see here a giant cockroach corpse.
Things that are here:
a +0 dagger; a +0 leather armour; an orc skeleton
Items here: )) ÷÷.
Found an escape hatch in the ceiling.
A steam dragon comes into view.
A hobgoblin comes into view.
The steam dragon hisses angrily.
The steam dragon breathes steam at you. The ball of steam hits you. You resist.
The hobgoblin shouts!
Found an encrusted lead wand.
The steam dragon bites you. The steam dragon barely misses you.
You closely miss the steam dragon. The steam dragon misses you.
The steam dragon claws you.
You closely miss the steam dragon. The steam dragon bites you.
You block the steam dragon's attack.
You tentacle-slap the steam dragon. You squeeze the steam dragon.
The steam dragon is moderately wounded.
You block the steam dragon's attack.
The steam dragon claws you but does no damage.
You tentacle-slap the steam dragon but do no damage.
Your tentacle-slap misses the steam dragon.
The steam dragon is moderately wounded.
The steam dragon bites you! The steam dragon claws you.
* * * LOW HITPOINT WARNING * * *
The steam dragon bites you!
* * * LOW HITPOINT WARNING * * *
The steam dragon barely misses you. The hobgoblin misses you.
You barely miss the steam dragon.
The steam dragon is moderately wounded.
You block the steam dragon's attack. x2; The hobgoblin barely misses you.
You closely miss the steam dragon.
The steam dragon is moderately wounded.
The steam dragon breathes steam at you. The ball of steam misses you.
The hobgoblin barely misses you. The steam dragon bites you!
You die...
Xom roars with laughter!

...# #..............##........#
...###..............##........#
....................#####.....#
...........####.....# #######
...........# #..§§.#
##.........# #.§...#
#.<.......# #.§§§.#####
#....^....# #.§§§......
########### #.hDg......
###........ #........ #........
#........ #........ #........
/......


You could see a steam dragon (catching breath) and a hobgoblin.

Vanquished Creatures
  A water moccasin (Sewer)
  Crazy Yiuf (D:3)
  An orc priest (D:4)
  A jelly (D:4)
  A sleepcap (D:3)
  4 adders
  An ufetubus (D:4)
  3 dart slugs
  4 orcs
  3 ball pythons (D:2)
  9 bats
  5 endoplasms
  5 giant cockroaches
  8 goblins
  3 hobgoblins
  5 quokkas
  2 frilled lizards (D:2)
  6 kobolds
  8 rats
71 creatures vanquished.

Notes
Turn   | Place    | Note
-------+----------+-------------------------------------------
     0 | D:1      | CraigForest the Octopode Shapeshifter began the quest for
                  | the Orb.
     0 | D:1      | Reached XP level 1. HP: 13/13 MP: 1/1
   263 | D:1      | Reached XP level 2. HP: 14/18 MP: 2/2
   894 | D:2      | Reached XP level 3. HP: 23/23 MP: 3/3
   999 | D:2      | Gained mutation: Your flesh is heat resistant. (rF+)
                  | [potion of mutation]
   999 | D:2      | Gained mutation: Your mind is acute. (Int +4, Str/Dex -1)
                  | [potion of mutation]
   999 | D:2      | Gained mutation: Your muscles are strong. (Str +4, Int/Dex
                  | -1) [potion of mutation]
  1058 | D:2      | Reached skill level 1 in Stealth
  1503 | D:3      | Reached XP level 4. HP: 28/28 MP: 4/4
  1533 | D:3      | Found Naaff's Armour Shop.
  1625 | D:3      | Reached skill level 4 in Unarmed Combat
  1635 | D:3      | Reached XP level 5. HP: 16/33 MP: 5/5
  1712 | D:3      | Found a runed translucent door.
  1713 | D:3      | Noticed Crazy Yiuf
  1720 | D:3      | Killed Crazy Yiuf
  1780 | D:3      | Found a glowing golden altar of the Shining One.
  1780 | D:3      | Found a sacrificial altar of Ru.
  1787 | D:3      | Found a radiant altar of Vehumet.
  1789 | D:3      | Found a bloodstained altar of Trog.
  1790 | D:3      | Found a faded altar of an unknown god.
  1794 | D:3      | Prayed at the altar of an unknown god.
  1794 | D:3      | Became a worshipper of Xom of Chaos
  2023 | D:3      | Found a glowing drain.
  2028 | Sewer    | Entered a sewer
  2063 | Sewer    | Noticed a water moccasin
  2077 | Sewer    | Killed a water moccasin
  2078 | Sewer    | Reached XP level 6. HP: 17/38 MP: 6/6
  2293 | D:4      | XOM: silly message
  2360 | D:4      | Reached skill level 5 in Unarmed Combat
  2361 | D:4      | HP: 1/38 [kobold/+0 short sword (3)]
  2689 | D:4      | Noticed a steam dragon
  2702 | D:4      | Mangled by a steam dragon

Illustrated notes

Levels and vault maps discovered:
D:1:      dpeg_arrival_court, layout_loops_ring
D:2:      layout_rooms, minmay_cut_off
D:3:      layout_rooms, chequers_temple_overflow_minitemple, serial_shops,
          nicolae_shop_just_a_little_nook, portal_sewer_entry_e,
          hangedman_abyss_or_decor_lesser_grid, nicolae_half_adder,
          uniq_crazy_yiuf_cottage
D:4:      layout_basic

Skill      XL: |  1  2  3  4  5  6 |
---------------+-------------------+-----
Stealth        | 1 2 3 4 |  4.2
Unarmed Combat | 4 5 |  5.2
Fighting       | |  1.1
Dodging        | |  2.9
Shields        | |  0.7
Shapeshifting  | |  3.6

Action                     |  1- 3 |  4- 6 || total
---------------------------+-------+-------++-------
  Melee: Unarmed           |    67 |    75 ||   142
         Constrict         |    21 |    15 ||    36
         Tentacles         |     7 |     8 ||    15
         Punch             |     4 |     2 ||     6
    Use: Scroll            |     2 |       ||     2
         Potion            |     1 |       ||     1
   Stab: Sleeping          |     9 |     7 ||    16
 Armour: Skin              |     1 |     4 ||     5
  Dodge: Dodged            |    33 |    44 ||    77
  Block: Other             |     3 |    23 ||    26

Table legend: (Time is in decaauts)
 A = Elapsed time spent in this place.
 B = Non-inter-level travel time spent in this place.
 C = Inter-level travel time spent in this place.
 D = Time resting spent in this place.
 E = Time spent auto-exploring this place.
 F = Levels seen in this place.
 G = Mean time per level.
                   A        B        C        D        E       F      G
               +--------+--------+--------+--------+--------+-----+--------+
         Total |   2690 |   2616 |     74 |    336 |   1515 |   5 |  538.0 |
       Dungeon |   2527 |   2453 |     74 |    336 |   1434 |   4 |  631.8 |
         Sewer |    162 |    162 |      0 |      0 |     81 |   1 |  162.0 |
               +--------+--------+--------+--------+--------+-----+--------+

Top non-repeatable levels by time:
     D:1: 884 daAuts
     D:3: 660 daAuts
     D:2: 527 daAuts
     D:4: 455 daAuts
   Sewer: 162 daAuts
